 Dungeon Crawl Stone Soup version 0.26.1-11-gd32895ea62 (webtiles) character file.

Game seed: 17398671612096193237

8654 Almogavar the Geomancer (level 11, -2/63 HPs)
             Began as a Gargoyle Earth Elementalist on May 10, 2021.
             Was an Elder of Okawaru.
             Slain by an orc
             ... wielding a +0 falchion
              (9 damage)
             ... on level 1 of the Orcish Mines.
             The game lasted 00:38:07 (11688 turns).

Almogavar the Geomancer (GrEE)                     Turns: 11688, Time: 00:38:07

Health: -2/63      AC: 28    Str: 13    XL:     11   Next: 34%
Magic:  31/31      EV: 12    Int: 18    God:    Okawaru [****..]
Gold:   794        SH:  0    Dex: 10    Spells: 22/25 levels left

rFire    . . .     SeeInvis .   e - +4 dire flail (protect)
rCold    . . .     Faith    .   (shield currently unavailable)
rNeg     + . .     Spirit   .   y - +2 ring mail {Will+}
rPois    ∞         Reflect  .   v - +0 helmet
rElec    +         Harm     .   (no cloak)
rCorr    .         Rampage  .   (no gloves)
Will     +....                  (no boots)
Stlth    +.........             D - amulet of regeneration
HPRegen  0.60/turn              J - ring of magical power
MPRegen  0.22/turn              K - +4 ring of protection

@: mighty, protection aura
A: negative energy resistance 1, electricity resistance, unbreathing,
petrification resistance, miasma immunity, AC +8
a: Renounce Religion, Heroism


You were on level 1 of the Orcish Mines.
You worshipped Okawaru.
Okawaru was greatly pleased with you.
You visited 3 branches of the dungeon, and saw 12 of its levels.

You collected 794 gold pieces.

Inventory:

Hand Weapons
 e - a +4 dire flail of protection (weapon)
 o - a +3 morningstar
 p - a +2 morningstar of protection
Missiles
 b - 61 stones
 s - 50 bolts
Armour
 n - a +0 scale mail
 r - a +0 chain mail
 v - a +0 helmet (worn)
 y - a +2 ring mail of willpower (worn)
 M - +0 steam dragon scales
 N - a +0 kite shield
Jewellery
 i - an uncursed amulet of the acrobat
 m - an uncursed ring of fire
 t - an uncursed ring of resist corrosion
 D - an amulet of regeneration (around neck)
 J - a ring of magical power (left hand)
 K - a +4 ring of protection (right hand)
Wands
 w - a wand of random effects (22)
 I - a wand of iceblast (18)
 L - a wand of flame (20)
Scrolls
 a - 5 scrolls of enchant armour
 d - a scroll of fear {unknown}
 g - 3 scrolls of remove curse
 k - 3 scrolls of teleportation {unknown}
 u - a scroll of enchant weapon {unknown}
 F - a scroll of blinking {unknown}
 H - a scroll of immolation {unknown}
Potions
 c - a potion of cancellation
 f - a potion of lignification
 h - 3 potions of curing
 j - a potion of heal wounds
 l - 4 potions of flight
 q - 5 potions of brilliance {unknown}
 x - a potion of might
 z - 2 potions of mutation {unknown}
 A - 2 potions of resistance
 B - a potion of attraction {unknown}
 C - 2 potions of haste
 E - 2 potions of invisibility {unknown}
 G - a potion of ambrosia {unknown}
Miscellaneous
 O - a lightning rod (4/4)


   Skills:
 + Level 5.0 Fighting
 + Level 9.3 Maces & Flails
 + Level 5.9 Armour
 + Level 4.8 Dodging
 + Level 3.2 Stealth
 + Level 7.8 Spellcasting
 + Level 0.7 Transmutations
 + Level 9.7 Earth Magic
 + Level 0.2 Invocations


You had 22 spell levels left.
You knew the following spells:

 Your Spells              Type           Power        Failure   Level
a - Sandblast             Erth           84%          1%          1
b - Passwall              Tmut/Erth      20%          3%          2

Your spell library contained the following spells:

 Spells                   Type           Power        Failure   Level
 Stone Arrow              Conj/Erth      48%          8%          3
 Lee's Rapid Deconstruct  Erth           21%          10%         5
 Foxfire                  Conj/Fire      28%          21%         1
 Petrify                  Tmut/Erth      25%          22%         4
 Conjure Flame            Conj/Fire      7%           52%         3
 Inner Flame              Hex/Fire       7%           52%         3
 Bolt of Magma            Conj/Fire/Erth 9%           82%         5
 Sticky Flame             Conj/Fire      7%           89%         4
 Fireball                 Conj/Fire      3%           99%         5
 Iskenderun's Battlesphe  Conj           7%           99%         5
 Iron Shot                Conj/Erth      12%          99%         6
 Orb of Destruction       Conj           3%           100%        7
 Spellforged Servitor     Conj/Summ      3%           100%        7


Dungeon Overview and Level Annotations

Branches:
Dungeon (9/15)             Temple (1/1) D:5             Orc (2/2) D:9
   Lair: D:8-11         Elf: Orc:2

Altars:
Ashenzari
Cheibriados
Dithmenos
Elyvilon
Gozag
Hepliaklqana
Kikubaaqudgha
Okawaru
Trog
Uskayaw
Wu Jian
Xom
Yredelemnul
Zin
The Shining One


Innate Abilities, Weirdness & Mutations

You are resistant to torment.
Your stone body is resilient. (AC +8)
You are immune to poison.
You resist negative energy. (rN+)
You are resistant to electric shocks. (rElec)
You can survive without breathing.
You are immune to petrification.
You are immune to miasma.


Message History

The orc knight hits you with a +0 glaive!
* * * LOW HITPOINT WARNING * * *
The orc misses you. The orc warrior closely misses you.
You closely miss the orc knight.
The orc knight is almost dead.
The orc knight closely misses you.
You puncture the orc knight!
You kill the orc knight!
Okawaru is honoured by your kill.
The orc warrior no longer looks unusually strong.
The orc hits you with a +0 falchion.
* * * LOW HITPOINT WARNING * * *
The orc warrior closely misses you.
Your Fighting skill increases to level 5!
You closely miss the orc warrior. The orc barely misses you.
The orc warrior hits you but does no damage.
You puncture the orc warrior!
The orc warrior is heavily wounded.
The orc hits you with a +0 falchion!
You die...

##.....#.................)##...
#.....###.....#............##.#
##....#.##................#####
###.#...#................#
####....#......#.........[###
###.#....#......#..........#..##
#......#.#..............#.)))..#
...............)o[[>[...#..#))##
...##......^...[@.)[[..........##
.###............o)..............#
###.#..........................##
##..........................[####
.##...#.................##....#..
........................###..#...
..........................#......
...#.......<...................##
#.....#.......................##


You could see an orc warrior and an orc (strong).

Vanquished Creatures
  Harold (D:7)
  An orc knight (Orc:1)
  Pikel (D:5)
  An orc sorcerer (D:9)
  A troll (D:9)
  Sigmund (D:2)
  A steam dragon (D:7)
  Eustachio (D:5)
  A wraith (D:7)
  3 wargs
  Edmund (D:4)
  14 orc warriors
  2 sky beasts
  6 ogres
  A necrophage (D:7)
  3 centaurs
  2 lemures (D:4)
  A big kobold (D:8)
  A gnoll sergeant (D:8)
  4 bullfrogs
  A wyvern skeleton (D:9)
  3 scorpions
  10 killer bees
  9 wights (D:8)
  An electric eel (D:9)
  6 howler monkeys
  A bullfrog zombie (D:9)
  2 quasits (D:6)
  A centaur zombie (D:9)
  A gnoll shaman (D:9)
  2 hounds
  A jelly (D:7)
  15 orc wizards
  A centaur skeleton (D:8)
  10 orc priests
  Natasha (thrice) (D:2)
  Terence (D:2)
  A worker ant (D:9)
  A hound zombie (D:6)
  A hound skeleton (D:7)
  3 gnolls (D:8)
  6 adders
  3 shadow imps
  3 white imps
  4 ufetubi
  An adder skeleton (D:5)
  2 adder zombies
  A worm (D:2)
  2 dart slugs
  5 leopard geckos
  63 orcs
  5 bats
  4 giant cockroaches
  5 goblins
  12 hobgoblins
  12 jackals
  12 kobolds
  5 quokkas
  4 frilled lizards
  A goblin zombie (D:6)
  2 hobgoblin zombies (D:6)
  2 kobold skeletons (D:6)
  A kobold zombie (D:6)
  3 orc skeletons (D:6)
  5 rats
284 creatures vanquished.

Vanquished Creatures (others)
  27 plants
  A withered plant (D:4)
28 creatures vanquished.

Grand Total: 312 creatures vanquished

Notes
Turn   | Place    | Note
-------+----------+-------------------------------------------
     0 | D:1      | Almogavar the Gargoyle Earth Elementalist began the quest
                  | for the Orb.
     0 | D:1      | Reached XP level 1. HP: 10/10 MP: 3/3
   150 | D:1      | Reached XP level 2. HP: 15/15 MP: 3/5
   766 | D:1      | Reached XP level 3. HP: 19/19 MP: 4/6
  1244 | D:2      | Noticed Terence
  1317 | D:2      | Noticed Natasha
  1322 | D:2      | Killed Natasha
  1323 | D:2      | Reached XP level 4. HP: 16/24 MP: 4/8
  1422 | D:2      | Noticed Natasha
  1428 | D:2      | Killed Natasha
  1429 | D:2      | Reached skill level 5 in Earth Magic
  1467 | D:2      | Noticed Natasha
  1474 | D:2      | Killed Natasha
  1475 | D:2      | Reached XP level 5. HP: 28/28 MP: 2/9
  1590 | D:2      | Killed Terence
  1719 | D:2      | Found a shimmering altar of Xom.
  1721 | D:2      | Found a shimmering altar of Xom.
  1721 | D:2      | Found a shimmering blue altar of Sif Muna.
  1723 | D:2      | Found a shimmering altar of Xom.
  1723 | D:2      | Found an opulent altar of Gozag.
  1723 | D:2      | Found a shimmering blue altar of Sif Muna.
  1783 | D:2      | Noticed Sigmund
  2023 | D:2      | Killed Sigmund
  2024 | D:2      | Reached XP level 6. HP: 26/32 MP: 5/12
  2667 | D:3      | Found a shadowy altar of Dithmenos.
  2865 | D:3      | Found a bloodstained altar of Trog.
  3220 | D:4      | Reached skill level 1 in Maces & Flails
  3222 | D:4      | Reached XP level 7. HP: 36/36 MP: 9/13
  3621 | D:4      | Reached skill level 1 in Armour
  3729 | D:4      | Reached skill level 1 in Fighting
  3937 | D:4      | Found a basalt altar of Yredelemnul.
  4425 | D:5      | Entered Level 5 of the Dungeon
  4425 | D:5      | Noticed Edmund
  4453 | D:4      | Killed Edmund
  4970 | D:5      | Found a staircase to the Ecumenical Temple.
  4970 | D:5      | Noticed Eustachio
  4997 | D:5      | Killed Eustachio
  4998 | D:5      | Reached skill level 5 in Spellcasting
  4998 | D:5      | Reached XP level 8. HP: 42/43 MP: 13/15
  5021 | Temple   | Entered the Ecumenical Temple
  5031 | Temple   | Became a worshipper of Warmaster Okawaru
  5184 | D:5      | Noticed Pikel
  5192 | D:5      | Killed Pikel
  5296 | D:6      | Found an opulent altar of Gozag.
  5521 | D:6      | Found a glowing silver altar of Zin.
  5594 | D:6      | Reached * piety under Okawaru
  5595 | D:6      | Reached XP level 9. HP: 37/48 MP: 15/17
  5756 | D:6      | You fall into a shaft and drop 2 floors!
  5942 | D:6      | Found a shimmering altar of Xom.
  5942 | D:6      | Found a white marble altar of Elyvilon.
  6017 | D:6      | Found a glowing golden altar of the Shining One.
  6587 | D:6      | Found a hide-covered altar of Uskayaw.
  6594 | D:6      | Found an ornate altar of the Wu Jian Council.
  6768 | D:7      | Reached skill level 5 in Maces & Flails
  6866 | D:7      | Found a snail-covered altar of Cheibriados.
  6992 | D:7      | Found a basalt altar of Yredelemnul.
  7049 | D:7      | Noticed Harold
  7068 | D:7      | Killed Harold
  7402 | D:7      | Found a broken altar of Ashenzari.
  7700 | D:7      | Reached XP level 10. HP: 48/56 MP: 16/19
  7729 | D:8      | Reached ** piety under Okawaru
  7857 | D:8      | Reached skill level 5 in Armour
  8669 | D:8      | Learned a level 2 spell: Passwall
  8779 | D:9      | Reached *** piety under Okawaru
 10051 | D:9      | Found a staircase to the Orcish Mines.
 10450 | Orc:1    | Entered Level 1 of the Orcish Mines
 10451 | Orc:1    | Noticed an orc sorcerer
 10470 | D:9      | Killed an orc sorcerer
 10470 | D:9      | Reached **** piety under Okawaru
 10471 | D:9      | Reached XP level 11. HP: 45/61 MP: 22/22
 11149 | Orc:2    | Entered Level 2 of the Orcish Mines
 11300 | Orc:2    | Noticed an orc knight
 11686 | Orc:1    | Killed an orc knight
 11687 | Orc:1    | Reached skill level 5 in Fighting
 11688 | Orc:1    | Slain by an orc

Illustrated notes

Levels and vault maps discovered:
D:1:      tarquinn_simple_flora_water_c, layout_basic
D:2:      layout_basic, doesnt_xom_only_xom, uniq_natasha, uniq_terence,
          uniq_sigmund
D:3:      layout_loops_ring, grunt_dithmenos_smoke_and_mirrors, trog_book
D:4:      layout_cave_pools, yredelemnul_altar_generic, serial_bayou_lake_a
D:5:      layout_basic, minmay_temple_entry_gardened_gates,
          kennysheep_generic_room_7, uniq_duvessa, uniq_eustachio, uniq_pikel,
          uniq_edmund
D:6:      layout_loops_corners, amethyst_overflow_temple_binary,
          nicolae_tso_besieged_by_evil, kennysheep_mini_moat,
          gammafunk_temple_overflow_pools, basic_altar
D:7:      layout_basic, cheibriados_altar_1, lemuel_crystal_altar, basic_altar,
          minmay_crystal_water, uniq_harold
D:8:      layout_basic, serial_bayou_pond_e, minmay_misc_feat_alley
D:9:      layout_stronghold, erik_orc_2, kennysheep_opposing_triangles
Temple:   hc_temple_tempest_star
Orc:1:    layout_caves
Orc:2:    grunt_orc_tribal_feast, layout_diamond_mine

Skill      XL: |  1  2  3  4  5  6  7  8  9 10 11 |
---------------+----------------------------------+-----
Earth Magic    | 4 5 6 7 8 9 |  9.7
Spellcasting   | 3 4 5 6 7 |  7.8
Dodging        | 2 3 4 |  4.8
Maces & Flails | 1 2 4 6 8 9 |  9.3
Armour         | 2 3 4 5 |  5.9
Fighting       | 1 2 3 4 5 |  5.0
Stealth        | 3 |  3.2
Transmutations | |  0.7
Invocations    | |  0.2

Action                   |  1- 3 |  4- 6 |  7- 9 | 10-12 || total
-------------------------+-------+-------+-------+-------++-------
Melee: Unarmed           |    29 |       |       |       ||    29
       Flail             |       |    27 |    81 |       ||   108
       Dire flail        |       |       |   248 |   429 ||   677
 Cast: Sandblast         |    45 |    54 |    62 |   108 ||   269
Invok: Heroism           |       |       |     1 |     4 ||     5
  Use: Scroll            |     1 |       |     7 |     2 ||    10
       Potion            |       |       |     1 |     3 ||     4
Armor: Robe              |    16 |     5 |       |       ||    21
       Leather armour    |       |     7 |    64 |       ||    71
       Ring mail         |       |       |   192 |   253 ||   445
Dodge: Dodged            |    25 |    31 |   305 |   294 ||   655
